 Dungeon Crawl Stone Soup version 0.17.0-28-g6e173f8 (webtiles) character file.

616 Opium the Skirmisher (level 7, -2/55 HPs)
             Began as a Demonspawn Abyssal Knight on Dec 1, 2015.
             Was a Priest of Lugonu.
             Killed by divine providence
             ... invoked by an orc priest
              (12 damage)
             ... on level 5 of the Dungeon.
             The game lasted 00:55:30 (9369 turns).

Opium the Skirmisher (Demonspawn Abyssal Knight)    Turns: 9369, Time: 00:55:30

Health: -2/55      AC: 17    Str: 19      XL:     7   Next: 21%
Magic:  9/9        EV: 16    Int: 12 (13) God:    Lugonu [***...]
Gold:   253        SH:  3    Dex: 18      Spells: 1 memorised, 5 levels left

rFire  . . .     SeeInvis .     z - +2 flail (protect)
rCold  + . .     Clarity  .     g - +0 scale mail
rNeg   . . .     SustAt   .     (no shield)
rPois  .         Gourm    .     (no helmet)
rElec  .         Spirit   .     d - +0 cloak
rCorr  .         Warding  .     (no gloves)
rMut   .         Stasis   .     l - +0 pair of boots {run}
MR     .....                    (no amulet)
Stlth  ++........               (no ring)
                                f - ring of protection from cold

@: mighty, agile, quick, not resistant to hostile enchantments, unstealthy
A: hooves 1, large bone plates 2, demonic guardian 1, powered by pain 1
a: Depart the Abyss, Bend Space, Banish, Renounce Religion


You were on level 5 of the Dungeon.
You worshipped Lugonu.
Lugonu was most pleased with you.
You were not hungry.

You visited 1 branch of the dungeon, and saw 5 of its levels.
You visited the Abyss 1 time.

You collected 253 gold pieces.

Inventory:

Hand Weapons
 a - a +1 mace
 t - a +0 dagger of pain
 u - a +0 hunting sling
 z - a +2 flail of protection (weapon)
Missiles
 h - 10 stones
 i - 3 needles of slowing
 j - 6 tomahawks
 G - 14 poisoned needles (quivered)
Armour
 b - a +0 leather armour
 d - a +0 cloak (worn)
 e - a +0 pair of boots
 g - a +0 scale mail (worn)
 l - a +0 pair of boots of running (worn)
Jewellery
 f - a ring of protection from cold (left hand)
 s - an uncursed ring of see invisible
 E - an uncursed ring of ice
Wands
 v - a wand of slowing (20)
Scrolls
 k - 2 scrolls of identify
 o - 2 scrolls of remove curse
 p - a scroll of magic mapping
 x - a scroll of amnesia
 y - 2 scrolls of teleportation {unknown}
 B - a scroll of noise {unknown}
 C - a scroll of fog {unknown}
 I - a scroll of fear
Potions
 m - a potion of heal wounds {unknown}
 n - 2 potions of cancellation
 q - a potion of magic
 A - a potion of curing
 D - 2 potions of haste {unknown}
Books
 r - a book of Callings

   Spells                             Type                      Level
   a - Summon Small Mammal            Summoning                    1
   b - Call Imp                       Summoning                    2
   c - Call Canine Familiar           Summoning                    3
   d - Summon Guardian Golem          Hexes/Summoning              3
   e - Summon Lightning Spire         Summoning/Air                4
   f - Summon Ice Beast               Ice/Summoning                4
Comestibles
 c - 2 bread rations
 F - a royal jelly
 H - a meat ration


   Skills:
 + Level 4.4 Fighting
 + Level 3.5 Maces & Flails
 + Level 2.5 Throwing
 + Level 3.4 Armour
 + Level 2.9 Dodging
 - Level 1.1 Stealth
 + Level 0.3 Spellcasting
 + Level 0.2 Summonings
 + Level 3.3 Invocations
 + Level 0.2 Evocations


You had 5 spell levels left.
You knew the following spells:

 Your Spells              Type           Power        Failure   Level  Hunger
a - Summon Small Mammal   Summ           #...         87%         1    ##.....


Dungeon Overview and Level Annotations

Branches:
Dungeon (5/15)
 Temple: D:4-7

Altars:
Ashenzari
Dithmenos
Fedhas
Gozag
Sif Muna
Trog
Vehumet
Xom
Yredelemnul


Innate Abilities, Weirdness & Mutations

You have large cloven feet.
You are mostly covered in large bone plates (AC +3, SH +3).
A weak demonic guardian rushes to your aid.
You sometimes gain a little power by taking damage.


Message History

You toss away a poisoned needle.
The poisoned needle hits the orc priest!
The orc priest hits you but does no damage.
The orc priest calls down the wrath of Beogh upon you.
Something smites you!
You focus on the pain.
You feel very mighty all of a sudden. The orc hits you but does no damage.
Your iron imp closely misses the orc priest.
The orc priest hits something with a flail.
Something hits your iron imp.
Your iron imp hits the orc priest!
Something hits your iron imp.
Your iron imp hits the orc priest!
Your iron imp disappears in a puff of smoke!
The orc priest calls down the wrath of Beogh upon you.
Something smites you!
* * * LOW HITPOINT WARNING * * *
The orc priest looks braver for a moment.
The orc priest invokes the aid of Beogh against you.
Something smites you!
You die...

#...##### #..# #.# #.# #. #..##
###..###.## #.# #o #..# #.....
... #.# #. #..# ##.##.# #.# #.#
#. #..# ##...#.###.########.####.
#..######...........†...5...((.(.
.............##############§####.
............#######...o.oo.......
#.#########.....@..o#############
#.# ########### #.# ..# ###


You could see an orc priest and an orc.

Vanquished Creatures
  The ghost of n00bb0dy the Insei, an amateur DsMo (D:4)
  A big kobold (D:4)
  A hound (D:4)
  A crimson imp (D:5)
  3 worker ants (D:4)
  A hound skeleton (D:4)
  A gnoll (D:2)
  4 adders
  2 oozes
  An adder skeleton (D:4)
  3 worms (D:3)
  4 giant geckos
  15 orcs
  A ball python (D:2)
  2 giant cockroaches
  7 goblins
  7 hobgoblins
  13 jackals
  27 kobolds
  3 quokkas
  A ball python skeleton (D:4)
  8 bats
  9 giant newts
  A jackal skeleton (D:4)
  10 rats
  A spectral orc (D:4)
  A plant (D:4)
129 creatures vanquished.

Vanquished Creatures (collateral kills)
  A scorpion (D:4)
  An orc wizard (D:4)
  2 orcs (D:4)
  A giant gecko skeleton (D:4)
5 creatures vanquished.

Grand Total: 134 creatures vanquished

Notes
Turn   | Place    | Note
--------------------------------------------------------------
     0 | Abyss:1  | Opium the Demonspawn Abyssal Knight began the quest for the Orb.
     0 | Abyss:1  | Reached XP level 1. HP: 18/18 MP: 2/2
     7 | D:1      | Escaped the Abyss
   898 | D:1      | Identified a +0 pair of boots of running (You found it on level 1 of the Dungeon)
  1285 | D:1      | Reached skill level 1 in Dodging
  1285 | D:1      | Gained mutation: You sometimes gain a little power by taking damage. [demonic ancestry]
  1285 | D:1      | Reached XP level 2. HP: 24/24 MP: 3/3
  1419 | D:1      | Reached * piety under Lugonu
  2352 | D:1      | Gained mutation: You are partially covered in large bone plates (AC +2, SH +2). [demonic ancestry]
  2352 | D:1      | Reached XP level 3. HP: 29/29 MP: 5/5
  2892 | D:2      | Found a radiant altar of Vehumet.
  2892 | D:2      | Found a blossoming altar of Fedhas.
  2893 | D:2      | Found a shattered altar of Ashenzari.
  3421 | D:2      | Gained mutation: A weak demonic guardian rushes to your aid. [demonic ancestry]
  3421 | D:2      | Reached XP level 4. HP: 36/36 MP: 6/6
  3427 | D:2      | Found a shimmering altar of Xom.
  3519 | D:2      | Found a shadowy altar of Dithmenos.
  3534 | D:2      | Reached ** piety under Lugonu
  5647 | D:3      | Found a shattered altar of Ashenzari.
  5699 | D:3      | Reached skill level 1 in Throwing
  5853 | D:3      | Gained mutation: You are mostly covered in large bone plates (AC +3, SH +3). [demonic ancestry]
  5853 | D:3      | Reached XP level 5. HP: 42/42 MP: 7/7
  6036 | D:4      | Found a basalt altar of Yredelemnul.
  6228 | D:4      | Noticed n00bb0dy's ghost (amateur DsMo)
  6400 | D:4      | Reached *** piety under Lugonu
  6724 | D:4      | Reached skill level 4 in Fighting
  7196 | D:4      | Gained mutation: You have large cloven feet. [demonic ancestry]
  7196 | D:4      | Reached XP level 6. HP: 42/48 MP: 8/8
  7407 | D:4      | Learned a level 1 spell: Summon Small Mammal
  7726 | D:4      | Killed n00bb0dy's ghost
  7726 | D:4      | Reached **** piety under Lugonu
  7726 | D:4      | Reached skill level 1 in Stealth
  7726 | D:4      | Reached XP level 7. HP: 35/55 MP: 9/9
  8045 | D:4      | Found an opulent altar of Gozag.
  8206 | D:4      | Found a deep blue altar of Sif Muna.
  9064 | D:5      | Entered Level 5 of the Dungeon
  9064 | D:5      | Found a bloodstained altar of Trog.
  9369 | D:5      | Killed from afar by an orc priest

Action                   |  1- 3 |  4- 6 |  7- 9 || total
-------------------------+-------+-------+-------++-------
Melee: Mace              |   101 |   184 |       ||   285
       Flail             |       |   130 |    51 ||   181
Throw: Tomahawk          |    12 |    33 |     1 ||    46
       Stone             |     5 |    10 |       ||    15
Invok: Depart the Abyss  |     1 |       |       ||     1
       Bend Space        |       |     2 |       ||     2
Evoke: Wand              |       |     3 |       ||     3
  Use: Scroll            |     5 |     6 |       ||    11
       Potion            |     1 |     5 |       ||     6
 Stab: Distracted        |       |     2 |       ||     2
  Eat: Royal jelly       |     1 |       |       ||     1
       Chunk             |     2 |     6 |     1 ||     9
       Bread ration      |     1 |     1 |       ||     2
       Pizza             |       |     1 |       ||     1
       Meat ration       |       |     1 |       ||     1
